[Event "9th Floripa Open 2023"]
[Site "Florianopolis"]
[Date "2023.01.27"]
[Round "6.1"]
[White "Mekhitarian, Krikor Sevag"]
[Black "Fier, Alexandr"]
[Result "1/2-1/2"]
[ECO "A84"]
[WhiteElo "2551"]
[BlackElo "2602"]
[Annotator "TA"]
[PlyCount "66"]
[EventDate "2023.01.23"]
[EventType "swiss"]
[EventCountry "BRA"]
[SourceTitle "playchess.com"]
[Source "ChessBase"]
[SourceQuality "1"]
[TimeControl "5400+30"]

1. d4 {[%emt 0:03:09] Tomashevsky,Evgeny} d5 2. c4 c6 3. Nf3 e6 4. e3 f5 5. Bd3 Nf6 6. O-O Bd6 7. b3 Qe7 8. Bb2 O-O 9. Nc3 {[%emt 0:00:33] A84: Dutch Defence: 2 c4 Miscellaneous.} Bd7 10. Ne5 Be8 11. cxd5 {[%emt 0:06:15] White has an edge.} cxd5 12. Rc1 {[%emt 0:11:01] [#]} Ne4 $146 ({Predecessor:} 12... Nc6 13. Nb5 Bb4 14. a3 Ba5 15. Be2 a6 16. Nc3 Ne4 17. b4 Bc7 18. Nxe4 fxe4 {0-1 Aronian,L (2813)-Tomashevsky,E (2706) FIDE World Cup 2013 (3.1)}) 13. Nb5 Bxb5 $1 14. Bxb5 a6 15. Bd3 Nd7 16. f3 Nef6 17. Qe2 Rac8 18. Rc2 Nb6 19. Rfc1 Rxc2 20. Rxc2 Rc8 21. Rxc8+ Nxc8 22. Qc2 Qc7 23. Kf2 Nb6 24. Qxc7 Bxc7 25. h3 Nfd7 26. g4 Nxe5 27. dxe5 $11 {[%emt 0:00:02][%mdl 4096] Endgame KBB-KBN} g6 28. gxf5 gxf5 {[%emt 0:00:05] The position is equal.} 29. e4 fxe4 30. fxe4 d4 31. Bxd4 Nd7 32. Ke3 Nxe5 33. Bxe5 Bxe5 {[%emt 0:00:56] Weighted Error Value: White=0.06 (flawless) /Black=0.05 (flawless)} 1/2-1/2

[Event "9th Floripa Open 2023"]
[Site "Florianopolis"]
[Date "2023.01.27"]
[Round "6.2"]
[White "Delgado Ramirez, Neuris"]
[Black "Barbosa, Evandro Amorim"]
[Result "1/2-1/2"]
[ECO "B52"]
[WhiteElo "2562"]
[BlackElo "2482"]
[Annotator "TA"]
[PlyCount "35"]
[EventDate "2023.01.23"]
[EventType "swiss"]
[EventCountry "BRA"]
[SourceTitle "playchess.com"]
[Source "ChessBase"]
[SourceQuality "1"]
[TimeControl "5400+30"]

1. e4 c5 2. Nf3 d6 3. Bb5+ Bd7 4. a4 Nf6 5. Nc3 g6 6. O-O {[%emt 0:01:35] B52: Sicilian: Moscow Variation with 3...Bd7.} Bg7 7. e5 dxe5 8. Nxe5 O-O 9. d3 a6 {[%emt 0:15:19] The position is equal.} 10. Bc4 Nc6 {[%emt 0:00:41] [#]} 11. Nxc6 $146 ({Predecessor:} 11. Nxd7 Qxd7 12. Be3 Nd4 13. a5 Qc7 14. Qd2 Ng4 15. Bf4 Be5 16. Bg3 Nxh2 17. Kxh2 Bxg3+ 18. fxg3 {½-½ Guenther,L-Scholz,C (2240) NRW-ch U20 Muenster 1993 (4)}) 11... Bxc6 12. a5 Ne8 13. Be3 Nd6 14. Bxc5 Nxc4 15. dxc4 Bxc3 16. bxc3 Qxd1 17. Raxd1 Rfe8 {[%emt 0:00:29] Black is weak on the dark squares} 18. Rd2 {[%emt 0:06:14] An uneventful encounter.   Weighted Error Value: White=0.03 (flawless) /Black=0.03 (flawless)} 1/2-1/2

[Event "9th Floripa Open 2023"]
[Site "Florianopolis"]
[Date "2023.01.27"]
[Round "6.4"]
[White "Mareco, Sandro"]
[Black "Ribeiro, Matheus Mendes Domin"]
[Result "1-0"]
[ECO "E05"]
[WhiteElo "2625"]
[BlackElo "2250"]
[Annotator "TA"]
[PlyCount "102"]
[EventDate "2023.01.23"]
[EventType "swiss"]
[EventCountry "BRA"]
[SourceTitle "playchess.com"]
[Source "ChessBase"]
[SourceQuality "1"]
[TimeControl "5400+30"]

1. Nf3 {[%emt 0:03:42] Marchand,A/Primel,D} d5 2. c4 e6 3. g3 Nf6 4. Bg2 Be7 5. O-O O-O 6. d4 dxc4 7. Qc2 a6 8. a4 Bd7 9. Qxc4 Bc6 10. Bg5 Bd5 11. Qc2 Be4 12. Qc1 Nc6 13. e3 {[%emt 0:03:55] E05: Open Catalan: 5 Nf3 Be7.} h6 {[%emt 0:04:39] Recently 13...Bb4 got a lot of attention.} 14. Bxf6 Bxf6 15. Nc3 {[%emt 0:02:48] [#] White has an edge.} Bg6 $146 ({Predecessor:} 15... Bh7 16. Rd1 Qe8 17. Nd2 e5 18. Nce4 Bd8 19. d5 Na7 20. d6 cxd6 21. Nxd6 Qe7 22. Nxb7 {1-0 Postny,E (2585)-Melia,S (2462) EU-ch 12th Aix les Bains 2011 (8)}) 16. Rd1 Nb4 17. Ne1 c6 18. Ne4 Bxe4 19. Bxe4 a5 20. Nd3 Qb6 21. Nxb4 Qxb4 22. Qc2 Rac8 23. Rac1 c5 24. b3 $16 Rfd8 25. d5 (25. dxc5 $6 Rxd1+ 26. Rxd1 Rxc5 $11) 25... exd5 26. Bxd5 Rc7 27. Qf5 Re7 28. Bc4 (28. Bf3 {simplifies} Rxd1+ 29. Rxd1 Qb6 30. Rd5) 28... Ree8 {[%emt 0:00:00] This costs Black the game.} (28... Qb6 $16 {was necessary.} 29. Rxd8+ Qxd8) 29. Rd7 (29. Qh5 $142 Rf8 30. Rxd8 Bxd8 31. Rd1) 29... Rxd7 $18 30. Qxd7 Re7 {[%emt 0:00:00] Black is weak on the light squares} (30... Rf8 {was worth a try.} 31. Rd1 b5 32. Qxb5 (32. Bxb5 Rd8 $14) (32. axb5 a4 $16) 32... Qxb5 33. axb5 Rd8) 31. Qc8+ Kh7 32. Qf5+ Kg8 33. Rd1 {[%emt 0:00:06] [#] Repels Qd2. Intending Rd8+ and mate.} Qb6 {[%emt 0:00:00] Prevents Rd8+.} 34. Rd7 {[%emt 0:28:06] Rxe7 would kill now.} Kf8 35. Rxe7 Kxe7 {[%emt 0:00:00][%mdl 4096] Endgame KQB-KQB} 36. Qd5 Qc7 37. Qxf7+ Kd8 38. Qf8+ Kd7 39. Bb5+ Ke6 40. Qg8+ Kd6 41. f4 {[%emt 0:05:47] [#] aiming for e4.} Qe7 42. Kf2 Kc7 43. Bc4 {[%emt 0:01:10] White is more active.} Qd6 44. Bd5 Qb6 (44... Qd8 $142 45. Qf7+ Qd7 46. Qxd7+ Kxd7 47. Bxb7 Ke8) 45. Kf3 Qb4 46. Qf7+ Kb8 (46... Kd8 {keeps fighting.} 47. Bxb7 c4) 47. Kg4 ({Weaker is} 47. e4 c4 48. bxc4 h5 $18) 47... Qb6 48. e4 {[%emt 0:00:06][%cal Be3e4,Be4e5][%mdl 32] White is clearly winning.} Bd4 (48... Bb2 $142 49. Kh5 Qc7) 49. e5 Qc7 50. Kf5 Qxf7+ 51. Bxf7 Bg1 {[%emt 0:01:54] Weighted Error Value: White=0.12 (very precise) /Black=0.42} 1-0

[Event "9th Floripa Open 2023"]
[Site "Florianopolis"]
[Date "2023.01.27"]
[Round "6.5"]
[White "Di Berardino, Diego Rafael"]
[Black "Cordero, Daniela"]
[Result "1-0"]
[ECO "D15"]
[WhiteElo "2458"]
[BlackElo "2027"]
[Annotator "TA"]
[PlyCount "83"]
[EventDate "2023.01.23"]
[EventType "swiss"]
[EventCountry "BRA"]
[SourceTitle "playchess.com"]
[Source "ChessBase"]
[SourceQuality "1"]
[TimeControl "5400+30"]

1. Nf3 Nf6 2. c4 c6 3. d4 d5 4. Nc3 a6 5. e3 b5 6. b3 e6 7. Bd3 Be7 {[%emt 0:00:29] D15: Slav Defence: 4 Nc3 a6 and gambit lines after 4 Nc3 dxc4.} 8. O-O O-O 9. Qc2 Nbd7 {[%emt 0:05:18] White is slightly better.} 10. Bb2 Bb7 {[%emt 0:02:16] [#]} 11. a4 $146 (11. c5 $14) ({Predecessor:} 11. Ne5 bxc4 12. bxc4 dxc4 13. Bxc4 c5 14. Rfd1 cxd4 15. Rxd4 Qc7 16. Nxd7 Nxd7 17. Rad1 {1-0 Harsha,B (2547)-Machidon,C (2286) Titled Tuesday intern op 02nd Aug Late blitz 2022 (3)}) 11... b4 (11... bxc4 $15 12. bxc4 dxc4 13. Bxc4 c5) 12. Ne2 $11 c5 13. cxd5 exd5 14. dxc5 (14. Ne5 $5 ) 14... Rc8 15. Ned4 {[%emt 0:01:03] Hoping for c6.} (15. Bf5 $5 ) 15... Bxc5 16. Qe2 a5 (16... Qa5 $14 {feels stronger.}) 17. Nf5 ({Better is} 17. Rac1 $16) 17... Re8 (17... g6 $1 $11 {remains equal.}) 18. Bb5 $16 Re6 19. Rac1 Bf8 20. Ng5 Rb6 21. Bd4 $36 {[%emt 0:00:09][%mdl 2048] White is really pushing. White has more active pieces.} Nc5 22. Qb2 $1 h6 23. Nh3 Ba6 24. Nf4 {[%emt 0:03:24] aiming for Rfd1.} Bxb5 25. axb5 Qd7 {[%emt 0:01:04] [#] White leaves nothing to chance now.} (25... Ne8 $1 $14) 26. Nxg7 $1 {[%emt 0:00:40][%mdl 576] Deflection} Bxg7 27. Rxc5 Rxc5 28. Bxc5 Rxb5 29. Bd4 Ne8 30. Bxg7 Nxg7 31. Rd1 Qf5 32. Qd2 Rc5 (32... d4 $16) 33. Nxd5 $18 {[%emt 0:00:09] Threatens to win with Ne7+.} Kf8 {[%emt 0:00:46] [#] Inhibits Ne7.} 34. e4 $1 {[%emt 0:03:44][%mdl 576] Discovered Attack} Qe6 (34... Qg5 35. f4) 35. Qd4 Rc2 36. h3 h5 37. Qa7 Ne8 38. Qxa5 Qxe4 39. Ne3 {[%emt 0:00:50][%cal Oa5h5][%mdl 64] Discovered Attack} ({Weaker is} 39. Nxb4 Qe2 40. Rf1 Rd2 41. Qc5+ Nd6 $18) (39. Qxb4+ Qxb4 40. Nxb4 Rb2 $18) 39... Rc3 $2 (39... Rc6 40. Qxh5 Kg8) 40. Qxh5 {[%emt 0:00:27] Intending Qh8+ and mate.} Rxb3 41. Qh8+ Ke7 42. Nd5+ {[%emt 0:00:05] Weighted Error Value: White=0.19 (very precise) /Black=0.53} 1-0

[Event "9th Floripa Open 2023"]
[Site "Florianopolis"]
[Date "2023.01.27"]
[Round "6.6"]
[White "Coro, Lucas"]
[Black "Lima, Darcy"]
[Result "1-0"]
[ECO "B06"]
[WhiteElo "2272"]
[BlackElo "2439"]
[Annotator "TA"]
[PlyCount "34"]
[EventDate "2023.01.23"]
[EventType "swiss"]
[EventCountry "BRA"]
[SourceTitle "playchess.com"]
[Source "ChessBase"]
[SourceQuality "1"]
[TimeControl "5400+30"]

1. e4 g6 2. d4 d6 3. Nc3 c6 4. Be3 b5 5. Bd3 Bg7 6. Qd2 Nd7 7. Nf3 Nb6 8. h3 {[%emt 0:00:00] B06: Modern Defence.} Nc4 9. Bxc4 bxc4 10. O-O {White is better.} h6 {[%emt 0:01:30] [#]} 11. Rfe1 $146 ({Predecessor:} 11. b4 Nf6 12. Rab1 Kf8 13. Qe2 a5 14. e5 Nd5 15. Nxd5 cxd5 16. b5 a4 17. Bf4 {0-1 Riordan,C-Bryan,J (2265) New Hampshire op 48th 1998}) 11... Kf8 12. Bf4 {[%emt 0:00:00] White is more active.} g5 13. Bh2 (13. Bg3 $142) 13... f5 (13... g4 $16 14. hxg4 Bxg4) 14. Qe2 Qb6 (14... fxe4 $16 15. Qxe4 Qd7) 15. exf5 $18 ({Stronger than} 15. Qxc4 fxe4 16. Nxe4 d5 $11) 15... Bxf5 16. Nd2 {[%emt 0:05:30] [#] Qf3 is the strong threat.} ({Don't take} 16. Qxc4 $6 Rb8 17. Re2 Bf6 $16) 16... Qxd4 17. Nxc4 {[%emt 0:00:00] Excellent horsemanship.} Qc5 {[%emt 0:00:00] Black did not feel at home in the position after the opening.   Weighted Error Value: White=0.10 (very precise) /Black=0.45} 1-0

[Event "9th Floripa Open 2023"]
[Site "Florianopolis"]
[Date "2023.01.27"]
[Round "6.10"]
[White "Tomiello, Mateus Costamilan"]
[Black "Flores Quillas, Diego Saul Rodri"]
[Result "0-1"]
[ECO "E46"]
[WhiteElo "2051"]
[BlackElo "2321"]
[Annotator "TA"]
[PlyCount "70"]
[EventDate "2023.01.23"]
[EventType "swiss"]
[EventCountry "BRA"]
[SourceTitle "playchess.com"]
[Source "ChessBase"]
[SourceQuality "1"]
[TimeControl "5400+30"]

1. d4 {[%emt 0:02:53] ChessBase II} Nf6 2. c4 e6 3. Nc3 Bb4 4. e3 O-O 5. Nge2 Re8 6. a3 Bf8 7. Ng3 d5 8. c5 {[%emt 0:03:58] E46: Nimzo-Indian: Rubinstein: 4 e3 0-0 5 Ne2 without early Bd3.} e5 9. Be2 b6 10. b4 {[%emt 0:04:31] The position is equal.} a5 {[%emt 0:04:49] aiming for ...axb4.} 11. Rb1 {[%emt 0:02:22] [#]} (11. cxb6 {is interesting.} exd4 12. bxc7 Qxc7 13. Nb5) 11... axb4 $146 ({Predecessor:} 11... c6 12. O-O Nbd7 13. Qb3 Qc7 14. Bd2 axb4 15. axb4 g6 16. b5 bxc5 17. b6 Qb7 18. dxc5 Nxc5 {0-1 Deaconu,M (1655)-Berescu,A (2468) ROM-chT Baile Herculane 2010 (6.54)}) 12. axb4 bxc5 13. bxc5 e4 ({Black should try} 13... h5 $15) 14. O-O g6 15. f3 exf3 16. Bxf3 h5 (16... Bg7 $11) 17. e4 $16 Ba6 {[%emt 0:07:14] [#]} (17... dxe4 $16 18. Ngxe4 (18. Bxe4 Bg4 $14) 18... Nxe4 19. Nxe4 (19. Bxe4 c6 $14) 19... Ba6) 18. Bg5 $1 $18 Be7 19. Rf2 (19. e5 $18 Ng4 20. Bxe7 (20. Bxd5 Bxg5 21. Rxf7 Rf8 $14) 20... Rxe7 21. Nxd5 (21. Bxd5 Ne3 $14)) 19... Ng4 $16 {[%emt 0:03:44][%mdl 64] Discovered Attack} 20. Bxe7 (20. Bxg4 $5 Bxg5 21. Qf3 $16) 20... Nxf2 21. Kxf2 Rxe7 22. Nxd5 (22. exd5 $14 Ra7 23. Ra1) 22... Re6 (22... Rd7 $1 $11 23. Qb3 Nc6) 23. e5 {[%emt 0:02:01][%cal Od5c7] Nxc7! would be deadly.} h4 {[%emt 0:07:13] [#]} 24. Ne2 (24. Ne4 $1 $16 {Hoping for Nf4.} Qxd5 25. Nc3 {[%mdl 64] Pin, Deflection}) 24... Bxe2 $11 25. Qxe2 Ra4 {[%emt 0:09:48] Prevents Qc4} (25... c6 $15 26. Nf6+ Rxf6 27. exf6 Qxd4+ 28. Kf1 Nd7) 26. Nf6+ Kg7 (26... Rxf6 {simplifies} 27. exf6 Qxd4+ 28. Kf1 Kh7) 27. d5 Rea6 {[%emt 0:00:05][%cal Ob8c6] Strongly threatening ...Nc6!} 28. Rb2 (28. Qe3 $11 {keeps the balance.}) 28... Nd7 $36 {[%emt 0:01:26][%mdl 2048] Keeping White busy.} 29. Nxd7 Qxd7 30. e6 $2 {[%emt 0:00:38] [#]} fxe6 $2 (30... Rxe6 $1 $19 31. Qd3 h3) 31. d6 $2 Kf6 $19 (31... cxd6 $2 32. Rb7 $18) 32. Rb7 $2 (32. Be4 $17 {was necessary.}) 32... Ra2 33. Rxc7 $2 (33. Rb2 $19 Rxb2 34. Qxb2+ e5 35. dxc7 Qxc7 36. Qb4) 33... Rxe2+ (33... Qa4 $142 34. g3 Rxe2+ 35. Bxe2 Qd4+ 36. Kf1 hxg3 37. Rf7+ Kxf7 38. Kg2 Qf2+ 39. Kh3 Qxe2 40. Kh4 Ra4+ 41. Kxg3 Rg4+ 42. Kh3 Qg2#) 34. Bxe2 {[%emt 0:00:04] [#]} Qxc7 $3 35. dxc7 Rc6 $1 {[%emt 0:00:02][%csl LRc5,LRc7] Never resign too early!   Weighted Error Value: White=0.75/Black=0.70} 0-1